 Dungeon Crawl Stone Soup version 0.24.0-13-gcf9b3192b9 (webtiles) character file.

Game seed: 12765528522749261753, levelgen mode: deterministic

22 Oravi the Vandal (level 2, 0/15 HPs)
             Began as a Vine Stalker Hunter on Nov 6, 2019.
             Slain by a hound (2 damage)
             ... on level 2 of the Dungeon.
             The game lasted 00:04:56 (974 turns).

Oravi the Vandal (Vine Stalker Hunter)               Turns: 974, Time: 00:04:56

Health: 0/15       AC:  3    Str: 14    XL:     2   Next: 91%
Magic:  0/3        EV: 16    Int: 11    God:
Gold:   29         SH:  0    Dex: 21    Spells: 1/1 levels left

rFire    . . .     SeeInvis .   n - +0 dagger (venom)
rCold    . . .     Gourm    .   (no shield)
rNeg     . . .     Faith    .   i - +0 ring mail
rPois    .         Spirit   +   m - +1 hat
rElec    .         Reflect  .   (no cloak)
rCorr    .         Harm     .   (no gloves)
MR       ++...                  (no boots)
Stlth    +++.......             (no amulet)
HPRegen  0.05/turn              g - ring of protection from magic
MPRegen  0.08/turn              (no ring)

@: agile
A: fangs 2, agile 1, deformed body, magic resistance 1, magic shield, antimagic
bite, no potion heal 3, rot immunity
a: no special abilities


You were on level 2 of the Dungeon.
You were not hungry.

You visited 1 branch of the dungeon, and saw 2 of its levels.

You collected 29 gold pieces.

Inventory:

Hand Weapons
 a - a +1 hunting sling
 b - a +0 short sword
 n - a +0 dagger of venom (weapon)
Missiles
 d - 16 sling bullets
 j - 34 stones (quivered)
Armour
 c - a +0 leather armour
 i - a +0 ring mail (worn)
 l - a +0 hat
 m - a +1 hat (worn)
 q - a +0 shield
Jewellery
 g - a ring of protection from magic (left hand)
 p - an uncursed amulet of faith
Scrolls
 e - 2 scrolls of immolation {unknown}
 k - 3 scrolls of identify {unknown}
Comestibles
 f - a ration


   Skills:
 + Level 2.1 Fighting
 + Level 3.8 Slings
 + Level 0.2 Armour
 + Level 1.9 Dodging
 - Level 1.5 Stealth


You had one spell level left.
You didn't know any spells.
Your spell library was empty.

Dungeon Overview and Level Annotations

Branches:
Dungeon (2/15)

Altars:
Makhleb


Innate Abilities, Weirdness & Mutations

You have extremely sharp teeth.
When hurt, damage is shared between your health and your magic reserves.
Your bite disrupts and absorbs the magic of your enemies.
Potions cannot restore your health.
You are immune to rotting.
You are agile. (Dex +2)
Armour fits poorly on your strangely shaped body.
You are resistant to hostile enchantments. (MR+)


Message History

You barely miss the hound.
The hound is lightly wounded.
The hound bites you but does no damage.
You barely miss the hound. Your bite misses the hound.
The hound is lightly wounded.
The hound bites you.
* * * LOW HITPOINT WARNING * * *
The hound bites you.
* * * LOW HITPOINT WARNING * * *
It was a potion of mutation.
You feel extremely strange.
You feel resistant to hostile enchantments.
Your body twists and deforms.
You feel agile. The hound bites you but does no damage.
It was a potion of agility.
You feel agile all of a sudden. The hound misses you. x2
You closely miss the hound.
The hound is lightly wounded.
The hound bites you.
You die...

#.#..≈≈≈≈≈≈
#...#######
###.#.....#
##.#.###.########
###....# #........#
#......###..#####.#
#.#.........#
#.##.######.# # #.##.#
#@.# #.#####.##.#
#..h#
#.#........####....!
#............##...._∩#
#.#.###.####.##.....##
#.#.# #.# #.######.#
#.#.# #.# #.# .###
#.#.###.####.# ..#
#.........##.####..#


You could see a hound.

Vanquished Creatures
  A dart slug (D:1)
  2 leopard geckos (D:1)
  A giant cockroach (D:1)
  3 goblins (D:1)
  3 hobgoblins (D:1)
  2 bats
  A frilled lizard (D:1)
  2 kobolds
  3 rats (D:1)
18 creatures vanquished.

Notes
Turn   | Place    | Note
-------+----------+-------------------------------------------
     0 | D:1      | Oravi the Vine Stalker Hunter began the quest for the Orb.
     0 | D:1      | Reached XP level 1. HP: 11/11 MP: 2/2
   268 | D:1      | Reached XP level 2. HP: 15/15 MP: 3/3
   959 | D:2      | Found a burning altar of Makhleb.
   972 | D:2      | Gained mutation: You are resistant to hostile enchantments.
                  | (MR+) [potion of mutation]
   972 | D:2      | Gained mutation: Armour fits poorly on your strangely
                  | shaped body. [potion of mutation]
   972 | D:2      | Gained mutation: You are agile. (Dex +2) [potion of
                  | mutation]
   974 | D:2      | Slain by a hound

Levels and vault maps discovered:
D:1:      doesnt_arrival_eight_statues, layout_rooms, serial_corexii_hall,
          corexii_hall_statues_x, chequers_hall_statues_y
D:2:      layout_loops_ring, serial_rivers, chequers_serial_rivers_micro_a,
          chequers_serial_rivers_micro_b, chequers_serial_rivers_micro_a,
          chequers_serial_rivers_large_a, chequers_serial_rivers_micro_c,
          chequers_serial_rivers_micro_e, makhleb_heckhound_becter

Skill      XL: |  1 |
---------------+----+-----
Fighting       | 2 |  2.1
Slings         | |  3.8
Armour         | |  0.2
Dodging        | |  1.9
Stealth        | |  1.5

Action                   || total
-------------------------++-------
Melee: Short sword       ||    36
       Bite              ||     7
       Dagger            ||     3
 Fire: Hunting sling     ||    19
  Use: Potion            ||     2
Armor: Ring mail         ||    16
       Leather armour    ||     1
Dodge: Dodged            ||    28
